 Dungeon Sprint DCSS version 0.19.5 (webtiles) character file.

7949 rednecknazgul the Shatterer (level 11, -8/143 HPs)
             Began as an Ogre Gladiator on Nov 17, 2018.
             Was an Initiate of Gozag.
             Mangled by a death yak (14 damage)
             ... in the Dungeon (Sprint IX: "|||||||||||||||||||||||||||||").
             The game lasted 00:02:55 (1601 turns).

rednecknazgul the Shatterer (Ogre Gladiator)        Turns: 1601, Time: 00:02:56

Health: -8/143     AC:  6    Str: 25    XL:     11   Next: 23%
Magic:  11/11      EV: 13    Int:  7    God:    Gozag
Gold:   1177       SH:  0    Dex: 10    Spells: 0 memorised, 10 levels left

rFire  . . .     SeeInvis .     r - +0 giant spiked club
rCold  . . .     Gourm    .     b - +0 robe
rNeg   . . .     Faith    .     (shield currently unavailable)
rPois  .         Spirit   .     c - +0 hat
rElec  .         Reflect  .     a - +0 cloak
rCorr  .         Harm     .     (gloves unavailable)
MR     +....     NoTele   +     (boots unavailable)
Stlth  +.........               (no amulet)
                                q - +2 ring of evasion
                                p - +2 ring of protection

@: exhausted, gold aura, flying, very slightly contaminated, hasted and slowed
A: unfitting armour, tough skin 1
a: Potion Petition, Call Merchant, Bribe Branch, Renounce Religion


You were in the Dungeon.
You worshipped Gozag.
Gozag was most pleased with you.
You were not hungry.

You visited 1 branch You collected 2638 gold pieces.
You paid 1461 gold pieces to Gozag.

Inventory:

Hand Weapons
 r - a +0 giant spiked club (weapon)
Missiles
 d - 3 throwing nets (quivered)
Armour
 a - a +0 cloak (worn)
 b - a +0 robe (worn)
 c - a +0 hat (worn)
Jewellery
 p - a +2 ring of protection (left hand)
 q - a +2 ring of evasion (right hand)
Wands
 n - a wand of iceblast (7/15)
Scrolls
 k - 3 scrolls of blinking
 l - 4 scrolls of remove curse
 m - 3 scrolls of amnesia
 s - a scroll of recharging
 t - a scroll of fog
 u - 2 scrolls of enchant weapon
Potions
 e - 5 potions of curing
 g - 2 potions of berserk rage
 i - 4 potions of magic
 j - a potion of invisibility
 o - a potion of resistance


   Skills:
 + Level 18.7 Fighting
 * Level 24.6 Maces & Flails
 - Level 2.0 Throwing
 + Level 2.3 Armour
 + Level 4.0 Dodging


You had 10 spell levels left.
You didn't know any spells.

Dungeon Overview and Level Annotations

Branches:
Dungeon (1/1)

Altars:
Cheibriados
Dithmenos
Elyvilon
Fedhas
Gozag
Hepliaklqana
Kikubaaqudgha
Makhleb
Nemelex Xobeh
Okawaru
Qazlal
Ru
Sif Muna
Trog
Uskayaw
Vehumet
Xom
Yredelemnul
Zin
The Shining One
Beogh
Jiyva
Lugonu


Innate Abilities, Weirdness & Mutations

You are too large for most types of armour.
You have tough skin. (AC +1)


Message History

The death yak is heavily wounded.
The catoblepas is distracted by the nearby gold.
The death yak gores you.
* * * LOW HITPOINT WARNING * * *
Unknown command.
The catoblepas bellows!
You hit the death yak but do no damage.
The death yak is heavily wounded.
The death yak gores you!!
* * * LOW HITPOINT WARNING * * *
Unknown command.
You completely miss the death yak.
The death yak is heavily wounded.
Unknown command.
You hit the death yak but do no damage.
The death yak is heavily wounded.
The yak is no longer distracted by gold.
The death yak gores you!
You die...
Your body crumbles into a pile of gold. $$$$$$ $$$$$$$$$$$$ $$$$$

$ $ $ $
▓▓▓▓▓▓▓▓▓▓▓▓▓▓▓▓▓▓▓▓▓▓▓▓▓▓▓
'.........'.....@YYYY.YY..Y $
▓▓▓▓▓▓▓▓▓▓▓▓▓▓▓▓▓▓▓▓▓▓▓▓▓▓▓▓▓▓▓▓▓
.................................
▓▓▓▓▓▓▓▓▓▓▓▓▓▓▓▓▓▓▓▓▓▓▓▓▓▓▓▓▓▓▓▓▓
___________________.'..|).((.))..
▓▓▓▓▓▓▓▓▓▓▓▓▓▓▓▓▓▓▓▓▓▓▓▓▓▓▓▓▓▓▓▓▓


You could see 3 death yaks, a catoblepas and 2 yaks.

Vanquished Creatures
  A hydra (D)
  A centaur warrior (D)
  A catoblepas (D)
  A death knight (D)
  A death yak (D)
  A skeletal warrior (D)
  An unseen horror (D)
  A hill giant (D)
  An ugly thing (D)
  An elephant (D)
  A black mamba (D)
  A rime drake (D)
  A gargoyle (D)
  A spiny frog (D)
  A komodo dragon (D)
  A hippogriff (D)
  A yak (D)
  3 water moccasins (D)
  2 porcupines (D)
  3 crocodiles (D)
  3 bullfrogs (D)
  A scorpion (D)
  A hound (D)
  An orc wizard (D)
  An adder (D)
  An adder skeleton (D)
  A worm (D)
  A bat skeleton (D)
  A bat zombie (D)
  A giant cockroach (D)
  2 hobgoblins (D)
  A jackal (D)
  A kobold (D)
  A rat (D)
42 creatures vanquished.

Vanquished Creatures (others)
  A spatial maelstrom (D)
1 creature vanquished.

Grand Total: 43 creatures vanquished

Notes
Turn   | Place    | Note
-------+----------+-------------------------------------------
     0 | D        | rednecknazgul the Ogre Gladiator began the quest for the Orb.
     0 | D        | Reached XP level 1. HP: 22/22 MP: 1/1
     6 | D        | Banished a spatial maelstrom
     7 | D        | Reached skill level 5 in Maces & Flails
    19 | D        | Noticed an orc wizard
    28 | D        | Killed an orc wizard
    28 | D        | Reached skill level 5 in Fighting
    28 | D        | Reached skill level 7 in Maces & Flails
    28 | D        | Reached XP level 2. HP: 20/35 MP: 2/2
    28 | D        | Reached XP level 3. HP: 25/42 MP: 3/3
    33 | D        | Reached skill level 8 in Maces & Flails
    42 | D        | Found a roughly hewn altar of Beogh.
    42 | D        | Found a snail-covered altar of Cheibriados.
    42 | D        | Found a shadowy altar of Dithmenos.
    42 | D        | Found a white marble altar of Elyvilon.
    42 | D        | Found a blossoming altar of Fedhas.
    42 | D        | Found an opulent altar of Gozag.
    43 | D        | Found a hazy altar of Hepliaklqana.
    44 | D        | Found a viscous altar of Jiyva.
    45 | D        | Found an ancient bone altar of Kikubaaqudgha.
    46 | D        | Found a corrupted altar of Lugonu.
    47 | D        | Found a burning altar of Makhleb.
    48 | D        | Found a sparkling altar of Nemelex Xobeh.
    49 | D        | Found an iron altar of Okawaru.
    50 | D        | Became a worshipper of Gozag Ym Sagoz the Greedy
    51 | D        | Found a stormy altar of Qazlal.
    52 | D        | Found a sacrificial altar of Ru.
    53 | D        | Found a deep blue altar of Sif Muna.
    54 | D        | Found a bloodstained altar of Trog.
    55 | D        | Found a hide-covered altar of Uskayaw.
    56 | D        | Found a radiant altar of Vehumet.
    57 | D        | Found a shimmering altar of Xom.
    58 | D        | Found a basalt altar of Yredelemnul.
    59 | D        | Found a glowing silver altar of Zin.
    60 | D        | Found a glowing golden altar of the Shining One.
   238 | D        | Noticed a hill giant
   238 | D        | Noticed a scorpion
   238 | D        | Noticed a bullfrog
   240 | D        | Reached skill level 9 in Maces & Flails
   240 | D        | Reached XP level 4. HP: 53/53 MP: 4/4
   249 | D        | Killed a hill giant
   249 | D        | Reached skill level 15 in Maces & Flails
   249 | D        | Reached XP level 5. HP: 49/72 MP: 5/5
   249 | D        | Reached XP level 6. HP: 54/80 MP: 6/6
   249 | D        | Reached XP level 7. HP: 59/88 MP: 7/7
   262 | D        | Reached skill level 16 in Maces & Flails
   274 | D        | Noticed a skeletal warrior
   274 | D        | Noticed a death knight
   274 | D        | Noticed a centaur warrior
   274 | D        | Noticed a brown ugly thing
   274 | D        | Noticed a gargoyle
   276 | D        | Killed a skeletal warrior
   276 | D        | Reached skill level 18 in Maces & Flails
   276 | D        | Reached XP level 8. HP: 75/102 MP: 8/8
   300 | D        | Killed a death knight
   300 | D        | Reached skill level 19 in Maces & Flails
   300 | D        | Reached XP level 9. HP: 55/114 MP: 9/9
   301 | D        | Killed an unseen horror
   307 | D        | Killed a centaur warrior
   307 | D        | Reached skill level 15 in Fighting
   307 | D        | Reached skill level 20 in Maces & Flails
   313 | D        | Killed a brown ugly thing
   313 | D        | Reached skill level 21 in Maces & Flails
   327 | D        | Killed a gargoyle
   327 | D        | Reached XP level 10. HP: 33/127 MP: 10/10
   637 | D        | Noticed a six-headed hydra
   637 | D        | Noticed a spiny frog
   648 | D        | Killed a six-headed hydra
   648 | D        | Reached skill level 22 in Maces & Flails
   659 | D        | Killed a spiny frog
   664 | D        | Reached skill level 23 in Maces & Flails
  1103 | D        | Noticed an elephant
  1107 | D        | Killed an elephant
  1112 | D        | Noticed a black mamba
  1131 | D        | Killed a black mamba
  1136 | D        | Reached skill level 24 in Maces & Flails
  1136 | D        | Reached XP level 11. HP: 36/141 MP: 11/11
  1559 | D        | Noticed a catoblepas
  1559 | D        | Noticed a death yak
  1559 | D        | Noticed a death yak
  1559 | D        | Noticed a catoblepas
  1567 | D        | Noticed a death yak
  1573 | D        | Noticed a death yak
  1583 | D        | Killed a catoblepas
  1583 | D        | Reached skill level 1 in Armour
  1594 | D        | HP: 3/143 [death yak (21)]
  1595 | D        | Killed a death yak
  1599 | D        | HP: 6/143 [death yak (21)]
  1601 | D        | Mangled by a death yak

Skill      XL: |  1  2  3  4  5  6  7  8  9 10 11 |
---------------+----------------------------------+-----
Fighting       | 5 6 11 13 14 16 18 | 18.7
Maces & Flails | 7 9 15 18 19 21 24 | 24.6
Armour         | 2 |  2.3
Dodging        | 4 |  4.0
Throwing       | |  2.0

Action                   |  1- 3 |  4- 6 |  7- 9 | 10-12 || total
-------------------------+-------+-------+-------+-------++-------
Melee: Flail             |    24 |       |       |       ||    24
       Morningstar       |     2 |     8 |    13 |       ||    23
       Giant spiked club |       |       |    18 |    66 ||    84
Invok: Potion Petition   |       |     1 |       |     3 ||     4
  Use: Potion            |     1 |       |     4 |     3 ||     8
 Stab: Sleeping          |       |       |     1 |       ||     1
       Distracted        |       |       |       |     2 ||     2
  Eat: Bread ration      |       |       |       |     1 ||     1
Armor: Robe              |     6 |     1 |     3 |     7 ||    17
Dodge: Dodged            |     8 |     3 |    12 |    20 ||    43
